[Event "NED-ch U14 Girls 2019"]
[Site "Assen"]
[Date "2019.05.04"]
[Round "7.4"]
[White "Venema, Katja"]
[Black "Jonkman Inza, Amelia Marry"]
[Result "1/2-1/2"]
[ECO "E61"]
[WhiteElo "1166"]
[BlackElo "1132"]
[Annotator "NA RC"]
[PlyCount "127"]
[EventDate "2019.04.28"]
[EventType "swiss"]
[EventCountry "NED"]
[SourceTitle "playchess.com"]
[Source "ChessBase"]
[SourceQuality "1"]
[TimeControl "40/5400+30:1800+30"]

1. d4 Nf6 2. c4 g6 3. Nc3 Bg7 4. Bf4 d6 5. Nf3 O-O 6. g3 Nfd7 7. Bg2 e5 8. Bg5 f6 9. Bd2 Nc6 10. d5 Ne7 11. e4 a5 12. Be3 Nc5 13. O-O Bd7 14. Qd2 Qc8 15. Bh6 Kh8 16. Rab1 Bxh6 17. Qxh6 g5 18. h3 Ng8 19. Qh5 Be8 20. Qg4 Qxg4 21. hxg4 Bd7 22. Bh3 Nh6 23. Nh2 Rab8 24. f3 b5 25. b3 bxc4 26. bxc4 Rb4 27. Rxb4 axb4 28. Ne2 Ra8 29. Nc1 Rb8 30. Nb3 Nxb3 31. axb3 Ra8 32. Rb1 Ra2 33. Nf1 Nf7 34. Ne3 Nd8 35. Nd1 Nb7 36. Nb2 Nc5 37. Bg2 Ra3 38. Nd1 Rxb3 39. Rb2 Rxb2 40. Nxb2 Kg8 41. Kf2 Kf8 42. Ke3 Na6 43. Bf1 Ke8 44. Kd2 c5 45. Kc2 Kd8 46. Kb3 Kc7 47. Be2 Kb6 48. Bd1 Ka5 49. Be2 Be8 50. Bd1 h5 51. gxh5 Bxh5 52. g4 Be8 53. Be2 Nc7 54. Bd1 Na8 55. Ka2 Nb6 56. Bc2 Na4 57. Nd1 Nc3+ 58. Nxc3 bxc3 59. Ka3 Bd7 60. Bb3 Ka6 61. Bc2 Ka5 62. Bb3 Bc8 63. Bc2 Ba6 64. Kb3 1/2-1/2

[Event "NED-ch U14 Girls 2019"]
[Site "Assen"]
[Date "2019.05.04"]
[Round "7.5"]
[White "Maris, Lauri"]
[Black "Yeh, Nora"]
[Result "1-0"]
[ECO "C34"]
[WhiteElo "1265"]
[BlackElo "1529"]
[Annotator "NA RC"]
[PlyCount "155"]
[EventDate "2019.04.28"]
[EventType "swiss"]
[EventCountry "NED"]
[SourceTitle "playchess.com"]
[Source "ChessBase"]
[SourceQuality "1"]
[TimeControl "40/5400+30:1800+30"]

1. e4 e5 2. f4 exf4 3. Nf3 d6 4. d4 g5 5. h3 Bg7 6. c3 h6 7. Bc4 Nf6 8. Nbd2 O-O 9. b3 Nc6 10. Bb2 Re8 11. Bd3 Bf5 12. Qc2 Nh5 13. O-O-O Bg6 14. Rhe1 Re7 15. h4 g4 16. Nh2 g3 17. Nhf3 Qe8 18. Ba3 Rd7 19. Rf1 Nf6 20. Rde1 Ng4 21. Re2 Ne3 22. Rxe3 fxe3 23. Nc4 d5 24. exd5 Rxd5 25. Bxg6 fxg6 26. Re1 h5 27. Rxe3 Qf7 28. Ng5 Qf1+ 29. Kb2 Qf2 30. Re2 Qf5 31. Qd2 Rdd8 32. Ne3 Qd7 33. Qc2 Ne7 34. Bxe7 Qxe7 35. Qxg6 Rd6 36. Qxh5 Re8 37. Qh7+ Kf8 38. Qf5+ Bf6 39. h5 Kg8 40. Qg6+ Bg7 41. Qh7+ Kf8 42. Qf5+ Bf6 43. h6 Kg8 44. Qg6+ Bg7 45. Qxg7+ Qxg7 46. hxg7 Rg6 47. Nf3 Rxg7 48. Kc2 Rg6 49. Ne5 Ra6 50. Kb2 Rae6 51. N3g4 Kg7 52. Re3 Rh8 53. Rxg3 Kf8 54. Rf3+ Ke8 55. Nf6+ Kf8 56. Nd5+ Kg7 57. Rf7+ Kh6 58. Nxc7 Rd6 59. Rf3 Kg7 60. Nf7 Rd7 61. Ne6+ Kg8 62. Nxh8 Kxh8 63. g4 Re7 64. d5 Kh7 65. g5 Kg6 66. Rf6+ Kh7 67. g6+ Kh6 68. g7+ Kh7 69. Rf8 Rxg7 70. Nxg7 Kxg7 71. Rf1 b5 72. d6 a5 73. d7 a4 74. bxa4 bxa4 75. d8=Q a3+ 76. Kxa3 Kg6 77. Qg8+ Kh5 78. Rh1# 1-0

[Event "NED-ch U14 Girls 2019"]
[Site "Assen"]
[Date "2019.05.04"]
[Round "7.6"]
[White "Mensing, Luana"]
[Black "Verheij, Dana"]
[Result "1-0"]
[ECO "B22"]
[WhiteElo "1549"]
[BlackElo "1377"]
[Annotator "NA RC"]
[PlyCount "63"]
[EventDate "2019.04.28"]
[EventType "swiss"]
[EventCountry "NED"]
[SourceTitle "playchess.com"]
[Source "ChessBase"]
[SourceQuality "1"]
[TimeControl "40/5400+30:1800+30"]

1. e4 c5 2. c3 d5 3. exd5 Qxd5 4. d4 Nc6 5. Nf3 Bg4 6. Be2 Nf6 7. Be3 e6 8. Nbd2 cxd4 9. cxd4 Be7 10. O-O O-O-O 11. Qa4 h5 12. Rac1 Kb8 13. Bf4+ Bd6 14. Bxd6+ Qxd6 15. Nc4 Qf4 16. Qb5 Bxf3 17. Bxf3 Ng4 18. Bxg4 hxg4 19. g3 Qh6 20. h4 Nxd4 21. Qe5+ Ka8 22. Kg2 Nf3 23. Qa5 Kb8 24. Nd6 Rd7 25. Qc5 a6 26. Nc8 b5 27. Qb6+ Rb7 28. Qd6+ Ka8 29. Qxa6+ Kb8 30. Nb6 Rxb6 31. Qxb6+ Ka8 32. Rc7 1-0

[Event "NED-ch U14 Girls 2019"]
[Site "Assen"]
[Date "2019.05.04"]
[Round "7.7"]
[White "Molanus, Eva"]
[Black "Bogouslavskii, Veronique"]
[Result "1-0"]
[ECO "D35"]
[WhiteElo "1258"]
[BlackElo "1247"]
[Annotator "NA RC"]
[PlyCount "75"]
[EventDate "2019.04.28"]
[EventType "swiss"]
[EventCountry "NED"]
[SourceTitle "playchess.com"]
[Source "ChessBase"]
[SourceQuality "1"]
[TimeControl "40/5400+30:1800+30"]

1. d4 d5 2. c4 e6 3. Nc3 Nf6 4. cxd5 exd5 5. Bg5 Nbd7 6. Nxd5 Nxd5 7. Nf3 Bb4+ 8. Bd2 Bxd2+ 9. Qxd2 O-O 10. e4 N5f6 11. e5 Nd5 12. Bd3 N7b6 13. O-O Bg4 14. Kh1 Bxf3 15. gxf3 Qh4 16. Rg1 Qf4 17. Qe2 Qxd4 18. Rg4 Nf4 19. Qd2 Qxd3 20. Qxf4 h5 21. Rg5 Qh7 22. Rag1 g6 23. Qe4 Rfe8 24. f4 Kh8 25. Qxb7 Qg8 26. Qxc7 Qf8 27. Qc6 Qe7 28. Rxh5+ Kg7 29. f5 Qxe5 30. Rh7+ Kxh7 31. fxg6+ Kg7 32. gxf7+ Kxf7 33. Qb7+ Qe7 34. Qf3+ Qf6 35. Qh5+ Ke7 36. Qh7+ Kd8 37. Rd1+ Kc8 38. Rc1+ 1-0

[Event "NED-ch U14 Girls 2019"]
[Site "Assen"]
[Date "2019.05.04"]
[Round "7.8"]
[White "Bruggink, Lyne"]
[Black "Ubbink, Anouk"]
[Result "1-0"]
[ECO "B72"]
[WhiteElo "1425"]
[BlackElo "1304"]
[Annotator "NA RC"]
[PlyCount "77"]
[EventDate "2019.04.28"]
[EventType "swiss"]
[EventCountry "NED"]
[SourceTitle "playchess.com"]
[Source "ChessBase"]
[SourceQuality "1"]
[TimeControl "40/5400+30:1800+30"]

1. e4 c5 2. Nf3 d6 3. d4 cxd4 4. Nxd4 Nf6 5. Nc3 g6 6. Bc4 Bg7 7. O-O O-O 8. h3 Nc6 9. Be3 Nxd4 10. Bxd4 Qc7 11. Qd3 a6 12. Rfe1 b5 13. Bd5 Nxd5 14. Nxd5 Qb7 15. Bxg7 Kxg7 16. Qd4+ e5 17. Qd3 f5 18. Nc3 fxe4 19. Qxd6 Qf7 20. Qxe5+ Kg8 21. Nxe4 Bb7 22. f3 Bxe4 23. Qxe4 Rae8 24. Qc6 Qa7+ 25. Kh1 Rc8 26. Qd5+ Kh8 27. c3 Rcd8 28. Qe5+ Kg8 29. Rad1 Qf2 30. Rxd8 Rxd8 31. Qe6+ Kg7 32. Qe7+ Kh6 33. Re2 Rd1+ 34. Kh2 Qg1+ 35. Kg3 Rd5 36. Qh4+ Kg7 37. Re7+ Kg8 38. Qxh7+ Kf8 39. Qf7# 1-0